 Dungeon Crawl Stone Soup version 0.31-a0-188-g5e087ee2ca (webtiles) character file.

Game seed: 4798664509423274096

3504 qw the Markself (level 9, -4/52 HPs)
             Began as a Deep Elf Hunter on June 22, 2023.
             Was a Follower of Okawaru.
             Slain by a wolf (7 damage)
             ... on level 1 of the Lair of Beasts.
             The game lasted 00:02:39 (7097 turns).

qw the Markself (Deep Elf Hunter)                   Turns: 7097, Time: 00:02:39

Health: -4/52      AC:  7    Str:  7    XL:     9   Next: 80%
Magic:  11/13      EV: 19    Int: 18    God:    Okawaru [*.....]
Gold:   715        SH:  5    Dex: 18    Spells: 8/8 levels left

rFire   + . .        Y - +1 arbalest (freeze)
rCold   + + .        (shield currently unavailable)
rNeg    . . .        d - +2 robe {rC+ rF+}
rPois   +            i - +0 helmet
rElec   +            l - +0 cloak
rCorr   .            (no gloves)
SInv    .            (no boots)
Will    .....        f - amulet of reflection
Stlth   ++++         g - ring of Tuzufias {rElec rC+ Str-5 Int+3 Stlth+}
HPRegen 0.28/turn    (no ring)
MPRegen 0.13/turn

%: reflection
@: about to teleport, heroic
A: poison resistance
a: Renounce Religion, Heroism


You were on level 1 of the Lair of Beasts.
You worshipped Okawaru.
Okawaru was aware of your devotion.
You visited 3 branches of the dungeon, and saw 10 of its levels.
You also visited: Sewer.

You collected 715 gold pieces.


Innate Abilities, Weirdness & Mutations

Your system is resistant to poisons. (rPois)


   Skills:
 - Level 4.0(9.0) Fighting
 + Level 15.8(20.8) Ranged Weapons
 - Level 1.0(6.0) Armour
 - Level 6.2(11.2) Dodging
 - Level 1.2(6.2) Stealth
 + Level 3.5 Invocations


You had 8 spell levels left.
You didn't know any spells.
Your spell library was empty.

Inventory:

Hand Weapons
 Y - a +1 arbalest of freezing (weapon)
Armour
 d - a +2 robe of resistance (worn)
 e - a +0 ring mail
 i - a +0 helmet (worn)
 l - a +0 cloak (worn)
Jewellery
 f - an amulet of reflection (around neck)
 g - the ring of Tuzufias (left hand) {rElec rC+ Str-5 Int+3 Stlth+}
   (You acquired it on level 7 of the Dungeon)

   [ring of protection from cold]

   Str:       It affects your strength (-5).
   Int:       It affects your intelligence (+3).
   rC:        It protects you from cold.
   rElec:     It insulates you from electricity.
   Stlth:     It makes you more stealthy.
 j - a ring of fire
Scrolls
 a - a scroll of identify
 o - a scroll of teleportation
Potions
 b - a potion of resistance
 c - a potion of might
 h - 2 potions of enlightenment
 n - 4 potions of mutation
 p - a potion of haste

Dungeon Overview and Level Annotations

Branches:
Dungeon (8/15)             Temple (1/1) D:7            Lair (1/5) D:8
  Sewer (visited)

Altars:
Cheibriados
Elyvilon
Fedhas
Gozag
Hepliaklqana
Kikubaaqudgha
Makhleb
Nemelex Xobeh
Okawaru
Qazlal
Ru
Sif Muna
Trog
Uskayaw
Vehumet
Wu Jian
Xom
Zin

Shops:
D:5 (

Annotations:
D:8 1 runed translucent door, qw's ghost, novice GrFi


Message History

The wolf misses you.
7087 ||| Stepping ~*~*~tactically~*~*~ (outnumbered).
The wolf closely misses you.
You shoot a bolt. The bolt barely misses the wolf.
You shoot a bolt. The bolt hits the wolf.
The bolt freezes the wolf.
The wolf is lightly wounded.
The wolf closely misses you. You block the wolf's attack.
You shoot a bolt. The bolt hits the wolf!
The bolt freezes the wolf.
You kill the wolf!
Okawaru accepts your kill.
You shoot a bolt. The bolt barely misses the wolf.
The bolt completely misses the wolf.
The wolf misses you. The wolf bites you but does no damage.
The wolf bites you. x2
The wolf misses you.
You shoot a bolt. The bolt hits the wolf!
The bolt freezes the wolf.
The wolf is heavily wounded.
The wolf bites you but does no damage. The wolf bites you.
The wolf closely misses you. The wolf bites you. You block the wolf's attack.
The wolf bites you.
7093 ||| INVOKING Heroism.
You gain the combat prowess of a mighty hero.
You block the wolf's attack. The wolf closely misses you.
You block the wolf's attack. The wolf bites you but does no damage.
The wolf bites you. You block the wolf's attack.
You shoot a bolt. The bolt closely misses the wolf.
The wolf misses you. The wolf barely misses you. The wolf misses you.
You shoot a bolt.
The bolt hits the wolf but does no damage.
The wolf is heavily wounded.
The wolf closely misses you. The wolf bites you! The wolf bites you. x2
You block the wolf's attack. The wolf bites you but does no damage.
You shoot a bolt. The bolt hits the wolf.
The bolt freezes the wolf.
The wolf is severely wounded.
The wolf bites you but does no damage. The wolf misses you. The wolf bites you!
The wolf bites you. x2; The wolf closely misses you.
7097 ||| READING 2 scrolls of teleportation.
As you read the scroll of teleportation, it crumbles to dust.
You feel strangely unstable. The wolf bites you.
The wolf bites you but does no damage. The wolf bites you!
You die...

..... ....... #....
.......
..#............
...#............
............h....
....#....#.h..... #
.........h%h..... #.#
#.#.#....h#######...#
.........h@.........##
.........h....<......#
....................##
.........######+#...#
#..##....# ..# #.
#....# .# #....# .#
#....# # .....#


You could see 4 wolves.

Vanquished Creatures
  A troll (D:8)
  Grinder (D:4)
  A steam dragon (D:6)
  3 ice beasts
  A black bear (D:7)
  2 orc warriors
  A sky beast (D:6)
  5 wolves
  4 kobold brigands (Sewer)
  3 bullfrogs
  3 scorpions
  3 wights (D:7)
  A howler monkey (D:8)
  4 electric eels (D:8)
  4 hounds (D:8)
  An orc priest (D:8)
  2 sleepcaps
  2 jellies
  10 iguanas
  5 orc wizards
  13 adders
  4 river rats (Sewer)
  A shadow imp (D:6)
  A white imp (D:5)
  An ufetubus (D:4)
  8 worms
  4 dart slugs
  19 orcs
  6 ball pythons
  7 bats
  8 endoplasms
  A giant cockroach (D:2)
  3 hobgoblins
  2 jackals (D:2)
  A quokka (D:4)
  7 frilled lizards
  6 goblins
  13 kobolds
  9 rats
  3 rat zombies (D:4)
174 creatures vanquished.

Notes
Turn   | Place    | Note
-------+----------+-------------------------------------------
     0 | D:1      | qw the Deep Elf Hunter began the quest for the Orb.
     0 | D:1      | Reached XP level 1. HP: 12/12 MP: 3/3
     0 | D:1      | 0 ||| qw: Version: 0.3-a-9-g12657ce
     0 | D:1      | 0 ||| qw: Game counter: 3063
     0 | D:1      | 0 ||| qw: Always use a shield: true
     0 | D:1      | 0 ||| qw: God list: Okawaru
     0 | D:1      | 0 ||| qw: Allow faded altars: false
     0 | D:1      | 0 ||| qw: Do Orc after D:15 true
     0 | D:1      | 0 ||| qw: Do second Lair branch before Depths: true
     0 | D:1      | 0 ||| qw: Lair rune preference: random
     0 | D:1      | 0 ||| qw: Plans: Normal
     0 | D:1      | 0 ||| PLANNING D:1-11
   167 | D:1      | Reached XP level 2. HP: 16/16 MP: 4/4
   198 | D:1      | Reached skill level 6 in Ranged Weapons
   747 | D:1      | 747 ||| UPGRADING to +0 ring mail.
   757 | D:1      | 757 ||| DROPPING +0 leather armour.
   758 | D:1      | 758 ||| READING scroll labelled POMNE PIQADOR.
   763 | D:1      | 763 ||| READING scroll labelled GOH BUEXTAOHO.
   764 | D:1      | 764 ||| READING scroll labelled BYONWY LYOPS.
   765 | D:1      | 765 ||| DRINKING 2 murky yellow potions.
   766 | D:1      | 766 ||| DROPPING scroll of butterflies.
   857 | D:2      | Reached XP level 3. HP: 20/20 MP: 5/5
  1037 | D:2      | HP: 5/20 [adder (1)]
  1040 | D:2      | 1040 ||| DRINKING potion of curing.
  1040 | D:2      | 1040 ||| (to cure poison)
  1115 | D:2      | Reached skill level 7 in Ranged Weapons
  1119 | D:2      | 1119 ||| FLEEEEING.
  1120 | D:2      | 1120 ||| FLEEEEING.
  1121 | D:2      | 1121 ||| FLEEEEING.
  1122 | D:2      | 1122 ||| FLEEEEING.
  1123 | D:2      | 1123 ||| FLEEEEING.
  1325 | D:2      | 1325 ||| SWAPPING to +0 arbalest.
  1326 | D:2      | 1326 ||| DROPPING +0 shortbow.
  1347 | D:2      | Reached XP level 4. HP: 25/25 MP: 6/6
  1426 | D:2      | 1426 ||| FLEEEEING.
  1573 | D:2      | 1573 ||| READING scroll labelled EFY WUEHOC DUH.
  1574 | D:2      | 1574 ||| READING scroll labelled PONGOP KUUWK.
  1709 | D:3      | Reached skill level 8 in Ranged Weapons
  1710 | D:3      | Found a shimmering blue altar of Sif Muna.
  2039 | D:3      | HP: 6/25 [poisoned by an adder]
  2041 | D:3      | Reached XP level 5. HP: 7/29 MP: 7/7
  2276 | D:3      | 2276 ||| UPGRADING to +0 helmet.
  2281 | D:3      | 2281 ||| UPGRADING to +0 cloak.
  2286 | D:3      | 2286 ||| UPGRADING to amulet of the acrobat.
  2291 | D:3      | 2291 ||| UPGRADING to amulet of reflection.
  2301 | D:3      | 2301 ||| DROPPING amulet of the acrobat.
  2302 | D:3      | 2302 ||| READING scroll labelled YDDEF TOROWULO.
  2303 | D:3      | 2303 ||| READING scroll labelled KON USTRIAQIURCH.
  2304 | D:3      | 2304 ||| READING 2 scrolls of identify.
  2304 | D:3      | 2304 ||| IDENTIFYING dark potion
  2352 | D:4      | 2352 ||| PLANNING SEWER
  2382 | D:4      | Noticed Grinder
  2385 | D:4      | Paralysed by Grinder for 4 turns
  2393 | D:4      | Killed Grinder
  2394 | D:4      | Reached skill level 10 in Ranged Weapons
  2394 | D:4      | Reached XP level 6. HP: 30/34 MP: 8/8
  2488 | D:4      | 2488 ||| FLEEEEING.
  2501 | D:4      | 2501 ||| FLEEEEING.
  2502 | D:4      | 2502 ||| FLEEEEING.
  2503 | D:4      | 2503 ||| FLEEEEING.
  2504 | D:4      | 2504 ||| FLEEEEING.
  2505 | D:4      | 2505 ||| STAIRDANCE
  2549 | D:3      | 2549 ||| READING scroll labelled TIDURA ASORPH.
  2550 | D:3      | 2550 ||| READING scroll labelled PEAJAP DOSS.
  2554 | D:4      | 2554 ||| STAIRDANCE
  2656 | D:4      | Reached skill level 1 in Armour
  2816 | D:4      | Found a glowing drain.
  2831 | D:4      | 2831 ||| UPGRADING to +2 robe of resistance.
  2847 | Sewer    | Entered a sewer
  2868 | Sewer    | 2868 ||| Stepping ~*~*~tactically~*~*~ (water).
  2873 | Sewer    | Reached skill level 3 in Dodging
  2933 | Sewer    | Reached XP level 7. HP: 37/40 MP: 9/9
  3039 | Sewer    | 3039 ||| Stepping ~*~*~tactically~*~*~ (water).
  3045 | Sewer    | 3045 ||| Stepping ~*~*~tactically~*~*~ (water).
  3047 | Sewer    | 3047 ||| Stepping ~*~*~tactically~*~*~ (water).
  3049 | Sewer    | 3049 ||| Stepping ~*~*~tactically~*~*~ (water).
  3166 | Sewer    | 3166 ||| Stepping ~*~*~tactically~*~*~ (water).
  3170 | Sewer    | 3170 ||| Stepping ~*~*~tactically~*~*~ (water).
  3172 | Sewer    | 3172 ||| Stepping ~*~*~tactically~*~*~ (water).
  3174 | Sewer    | 3174 ||| Stepping ~*~*~tactically~*~*~ (water).
  3176 | Sewer    | 3176 ||| Stepping ~*~*~tactically~*~*~ (water).
  3178 | Sewer    | 3178 ||| Stepping ~*~*~tactically~*~*~ (water).
  3217 | Sewer    | 3217 ||| Stepping ~*~*~tactically~*~*~ (water).
  3273 | Sewer    | 3273 ||| Stepping ~*~*~tactically~*~*~ (water).
  3275 | Sewer    | 3275 ||| Stepping ~*~*~tactically~*~*~ (water).
  3277 | Sewer    | 3277 ||| Stepping ~*~*~tactically~*~*~ (water).
  3358 | Sewer    | Reached skill level 11 in Ranged Weapons
  3439 | Sewer    | 3439 ||| DRINKING 2 lumpy cyan potions.
  3440 | Sewer    | 3440 ||| DRINKING 2 fuming red potions.
  3440 | Sewer    | Gained mutation: Your system is resistant to poisons.
                  | (rPois) [potion of mutation]
  3441 | Sewer    | 3441 ||| DROPPING potion of invisibility.
  3468 | D:4      | 3468 ||| PLANNING D:1-11
  3540 | D:4      | Found an ancient bone altar of Kikubaaqudgha.
  3567 | D:4      | 3567 ||| DROPPING ring of wizardry.
  3594 | D:5      | Entered Level 5 of the Dungeon
  3721 | D:5      | Reached XP level 8. HP: 44/44 MP: 10/10
  3766 | D:5      | Reached skill level 12 in Ranged Weapons
  3785 | D:5      | Reached skill level 3 in Fighting
  4018 | D:5      | Found a sacrificial altar of Ru.
  4151 | D:5      | Found Puomar's Weapon Boutique.
  4275 | D:5      | 4275 ||| READING scroll labelled SIGRAL ELOXUMN.
  4376 | D:5      | 4376 ||| READING 5 scrolls of identify.
  4376 | D:5      | 4376 ||| IDENTIFYING metallic ruby potion
  4377 | D:5      | 4377 ||| READING 4 scrolls of identify.
  4377 | D:5      | 4377 ||| IDENTIFYING bubbling red potion
  4378 | D:5      | 4378 ||| READING 3 scrolls of identify.
  4378 | D:5      | 4378 ||| IDENTIFYING bubbling emerald potion
  4379 | D:5      | 4379 ||| READING 2 scrolls of identify.
  4379 | D:5      | 4379 ||| IDENTIFYING fizzy pink potion
  4380 | D:5      | 4380 ||| DROPPING potion of berserk rage.
  4445 | D:6      | Found a glowing silver altar of Zin.
  4709 | D:6      | Reached skill level 13 in Ranged Weapons
  5154 | D:6      | 5154 ||| DROPPING amulet of regeneration.
  5155 | D:6      | 5155 ||| READING scroll labelled KANYNI GIJAIF.
  5156 | D:6      | 5156 ||| READING scroll labelled AQIMOERELLA.
  5157 | D:6      | 5157 ||| DRINKING 2 metallic silvery potions.
  5158 | D:6      | 5158 ||| DROPPING potion of magic.
  5254 | D:7      | Reached skill level 14 in Ranged Weapons
  5417 | D:7      | Found a staircase to the Ecumenical Temple.
  5419 | D:7      | 5419 ||| PLANNING TEMPLE
  5423 | Temple   | Entered the Ecumenical Temple
  5450 | Temple   | 5450 ||| PLANNING OKAWARU WORSHIP
  5644 | Temple   | Became a worshipper of Warmaster Okawaru
  5645 | Temple   | 5645 ||| PLANNING D:1-11
  5785 | D:7      | Reached XP level 9. HP: 50/50 MP: 11/11
  5793 | D:7      | Reached skill level 6 in Dodging
  6138 | D:7      | 6138 ||| READING scroll labelled WAUTYG WEFO.
  6138 | D:7      | Identified a scroll of acquirement
  6138 | D:7      | 6138 ||| ACQUIRING ring of Tuzufias {rElec rC+ Str-5 Int+3
                  | Stlth+}
  6138 | D:7      | Acquired the ring of Tuzufias {rElec rC+ Str-5 Int+3
                  | Stlth+}
  6140 | D:7      | 6140 ||| UPGRADING to ring of Tuzufias {rElec rC+ Str-5
                  | Int+3 Stlth+}.
  6141 | D:7      | 6141 ||| READING scroll labelled HEFFETILUS.
  6254 | D:8      | Reached * piety under Okawaru
  6255 | D:8      | Reached skill level 15 in Ranged Weapons
  6255 | D:8      | 6255 ||| INVOKING Heroism.
  6364 | D:8      | Found a runed translucent door.
  6374 | D:8      | Noticed qw's ghost (novice GrFi)
  6433 | D:8      | Noticed a troll
  6437 | D:8      | HP: 11/51 [wolf (4)]
  6438 | D:8      | 6438 ||| READING 5 scrolls of teleportation.
  6438 | D:8      | HP: 2/51 [wolf (4)]
  6439 | D:8      | 6439 ||| DRINKING potion of heal wounds.
  6443 | D:8      | 6443 ||| READING 4 scrolls of teleportation.
  6444 | D:8      | 6444 ||| INVOKING Heroism.
  6446 | D:8      | Found a staircase to the Lair.
  6447 | D:8      | HP: 10/51 [electric eel/bolt of electricity (3)]
  6448 | D:8      | 6448 ||| READING 3 scrolls of teleportation.
  6451 | D:8      | 6451 ||| FLEEEEING.
  6728 | D:8      | 6728 ||| INVOKING Heroism.
  6731 | D:8      | Killed a troll
  6792 | D:8      | Found a blossoming altar of Fedhas.
  6793 | D:8      | Found a hide-covered altar of Uskayaw.
  6793 | D:8      | Found a radiant altar of Vehumet.
  6794 | D:8      | Found a shimmering altar of Xom.
  6852 | D:8      | 6852 ||| FLEEEEING.
  6878 | D:8      | 6878 ||| INVOKING Heroism.
  6888 | D:8      | Reached skill level 3 in Invocations
  7058 | D:8      | 7058 ||| PLANNING LAIR
  7058 | D:8      | 7058 ||| READING scroll labelled ADDALI QEHOSS.
  7059 | D:8      | 7059 ||| READING 2 scrolls of identify.
  7059 | D:8      | 7059 ||| IDENTIFYING bubbling sapphire potion
  7070 | Lair:1   | Entered Level 1 of the Lair of Beasts
  7087 | Lair:1   | 7087 ||| Stepping ~*~*~tactically~*~*~ (outnumbered).
  7093 | Lair:1   | 7093 ||| INVOKING Heroism.
  7096 | Lair:1   | HP: 10/52 [wolf (5)]
  7097 | Lair:1   | 7097 ||| READING 2 scrolls of teleportation.
  7097 | Lair:1   | HP: 3/52 [wolf (4)]
  7097 | Lair:1   | Slain by a wolf

Levels and vault maps discovered:
D:1:      ncdulo_smallfort, layout_loops_ring, nicolae_eternal_life
D:2:      layout_basic
D:3:      layout_basic, mainiacjoe_overflow_brackets
D:4:      layout_rooms, lemuel_zombie_altar_kikubaaqudgha,
          cheibrodos_sewer_entry_bend, uniq_grinder
D:5:      layout_basic, nicolae_ru_the_path_less_chosen, serial_shops,
          nicolae_shop_behind_doors
D:6:      layout_basic, zin_scriptorium
D:7:      layout_basic, minmay_temple_entry_ruins
D:8:      layout_rooms, chequers_temple_overflow_statue_of_worship,
          erik_lair_island, hellmonk_ghost_big_iron, minivault_22,
          dreamdust_princess_bridge
Temple:   jpeg_temple_alley_garden
Lair:1:   layout_regular_city, uniq_grum

Skill      XL: |  1  2  3  4  5  6  7  8  9 |
---------------+----------------------------+-----
Ranged Weapons | 6 7 8 10 11 14 15 | 15.8
Fighting       | 2 3 4 |  4.0
Armour         | 1 |  1.0
Dodging        | 3 4 5 6 |  6.2
Invocations    | 3 |  3.5
Stealth        | |  1.2

Action                     |  1- 3 |  4- 6 |  7- 9 || total
---------------------------+-------+-------+-------++-------
   Fire: Shortbow          |   106 |       |       ||   106
         Arbalest          |     3 |    96 |   288 ||   387
 Invoke: Heroism           |       |       |     5 ||     5
    Use: Scroll            |     3 |     7 |    15 ||    25
         Potion            |     2 |       |     4 ||     6
 Armour: Leather armour    |     5 |       |       ||     5
         Ring mail         |     8 |    27 |       ||    35
         Robe              |       |     1 |    41 ||    42
  Dodge: Dodged            |    25 |    33 |   123 ||   181
  Block: Other             |       |     7 |    31 ||    38
         Reflection        |       |       |     3 ||     3

Table legend:
 A = Non-vault XP
 B = Vault XP
 C = Vault XP percentage of total XP
 D = Non-vault monster count
 E = Vault monster count
 F = Vault count percentage of total count
                 A         B        C        D         E       F
            +---------+---------+-------+---------+---------+-------
      Total |    3355 |    1651 |  33.0 |     131 |      43 |  24.7
            +---------+---------+-------+---------+---------+-------
        D:1 |      31 |       0 |   0.0 |      21 |       0 |   0.0
        D:2 |      81 |       0 |   0.0 |      23 |       0 |   0.0
        D:3 |      88 |       0 |   0.0 |      17 |       0 |   0.0
        D:4 |     132 |     290 |  68.7 |      11 |       7 |  38.9
        D:5 |     659 |       0 |   0.0 |      19 |       0 |   0.0
        D:6 |     634 |       0 |   0.0 |       8 |       0 |   0.0
        D:7 |     751 |       0 |   0.0 |      13 |       0 |   0.0
        D:8 |     748 |     806 |  51.9 |      17 |       8 |  32.0
     Lair:1 |     231 |       0 |   0.0 |       2 |       0 |   0.0
      Sewer |       0 |     555 | 100.0 |       0 |      28 | 100.0
            +---------+---------+-------+---------+---------+-------
